Match 39890050
Unlisted

Match 39890050
End
Construct Section Command Post
Vickers Machine Gun Team
Selects Canadian Shock Battlegroup
Infantry Section
Royal Engineer Section
Grenade Package
ML 3-inch Mortar Team
Selects Attacking Spirit
Selects Canadian Shock Section
Construct Platoon Command Post
Selects Incendiary Munitions
Humber Armored Car
Infantry Section
Infantry Section
Selects Pyrotechnics
Unlock Bishop Self-propelled Artillery
Canadian Shock Section
Bishop Self-propelled Artillery
6-pounder Anti-tank Gun Team
SchnellSchuh5000
Bananenratte
Lil Pijon
Ashkan_Hunter
0
0

Comments sign in to comment!

No comments posted yet!